 Dungeon Crawl Stone Soup version 0.18.1-50-g88ac8fd (webtiles) character file.

16381 Amnesiac the Nimble (level 12, -3/97 HPs)
             Began as a Merfolk Fighter on Mar 9, 2018.
             Was the Champion of Pakellas.
             Killed from afar by Azrael (34 damage)
             ... with a bolt of fire
             ... on level 12 of the Dungeon.
             The game lasted 00:45:22 (14716 turns).

Amnesiac the Nimble (Merfolk Fighter)              Turns: 14716, Time: 00:45:23

Health: -3/97      AC: 15    Str: 21    XL:     12   Next: 36%
Magic:  19/19      EV:  9    Int:  8    God:    Pakellas [******]
Gold:   783        SH: 12    Dex: 13    Spells: 0 memorised, 11 levels left

rFire  . . .     SeeInvis .     b - +10 iron rod (2/18)
rCold  . . .     Gourm    .     e - +0 plate armour
rNeg   . . .     Faith    .     c - +0 shield
rPois  .         Spirit   .     J - +0 helmet
rElec  .         Dismiss  .     (no cloak)
rCorr  .         Reflect  .     m - +1 pair of gloves
SustAt .         Harm     .     (no boots)
MR     .....                    N - amulet of magic regeneration
Stlth  ..........               (no ring)
                                n - ring of stealth

@: not resistant to hostile enchantments, extremely unstealthy
A: change form in water, swift swim, fangs 1
a: Quick Charge, Device Surge, Renounce Religion


You were on level 12 of the Dungeon.
You worshipped Pakellas.
Pakellas was exalted by your worship.
You were not hungry.

You visited 2 branches of the dungeon, and saw 13 of its levels.
You also visited: Ossuary.

You collected 783 gold pieces.

Inventory:

Hand Weapons
 w - a +2 dagger of draining
Missiles
 j - 5 needles of sleeping
 l - 36 poisoned needles
 o - a throwing net (quivered)
Armour
 c - a +0 shield (worn)
 e - a +0 plate armour (worn)
 m - a +1 pair of gloves (worn)
 J - a +0 helmet (worn)
Magical Staves
 D - an uncursed staff of cold
 K - an uncursed staff of fire
 M - an uncursed staff of summoning
Rods
 a - a +1 rod of inaccuracy (2/14)
   (You acquired it on level 7 of the Dungeon)
 b - a +10 iron rod (2/18) (in hand)
   (Pakellas gifted it to you in an ossuary)
 z - a +0 lightning rod (0/9)
   (You took it off an orc on level 11 of the Dungeon)
Jewellery
 n - a ring of stealth (left hand)
 N - an amulet of magic regeneration (around neck)
 Q - a cursed ring of loudness {unknown}
Wands
 p - a wand of slowing (25/48)
 s - a wand of flame (2/48)
 B - a wand of paralysis (12/24)
 F - a wand of random effects (35/48)
 G - a wand of iceblast (0/15)
Scrolls
 i - 5 scrolls of remove curse {!r}
 q - a scroll of fog {!r}
 t - 3 scrolls of enchant armour {!r}
 A - a scroll of magic mapping {!r}
 E - 2 scrolls of identify {!r}
 H - 5 scrolls of enchant weapon {!r}
 P - a scroll of immolation {!r, unknown}
Potions
 d - 2 potions of might {!q}
 g - 4 potions of flight {!q, unknown}
 h - 5 potions of magic {!q}
 k - 2 potions of haste {!q, unknown}
 u - 3 potions of ambrosia {!q}
 x - 4 potions of heal wounds {!q}
 C - a potion of resistance {!q}
 I - a potion of berserk rage {!q}
 O - a potion of lignification {!q, unknown}
Books
 y - a book of Dreams

   Spells                             Type                      Level
   a - Ensorcelled Hibernation        Hexes/Ice                    2
   b - Silence                        Hexes/Air                    5
   c - Darkness                       Hexes                        6
   d - Shadow Creatures               Summoning                    6
Miscellaneous
 L - a phial of floods (inert)
Comestibles
 f - 8 bread rations
 r - 3 meat rations
 v - 9 chunks of flesh


   Skills:
 - Level 10.0 Fighting
 - Level 8.0 Short Blades
 - Level 4.0 Armour
 - Level 10.0 Dodging
 - Level 5.0 Stealth
 + Level 9.9 Shields
 - Level 10.0 Evocations


You had 11 spell levels left.
You didn't know any spells.

Dungeon Overview and Level Annotations

Branches:
Dungeon (12/15)            Temple (1/1) D:6            Lair (0/8) D:11
    Orc (0/2) D:12

Altars:
Ashenzari
Cheibriados
Dithmenos
Elyvilon
Fedhas
Gozag
Kikubaaqudgha
Makhleb
Nemelex Xobeh
Okawaru
Pakellas
Qazlal
Ru
Sif Muna
Trog
Vehumet
Xom
Yredelemnul
Zin
The Shining One
Beogh

Annotations:
D:11 Rupert
D:12 exclusion: obsidian statue, Azrael


Innate Abilities, Weirdness & Mutations

You revert to your normal form in water.
You are very nimble and swift while swimming.
You have very sharp teeth.


Message History

A hell hound and Azrael come into view.
Aiming: Bolt of Inaccuracy
Press: ? - help, Shift-Dir - straight line, f/p - hell hound
Aim: a hell hound (heavily wounded)
The narrow beam of energy misses the hell hound.
The hell hound breathes flames at you. The blast of flame misses you.
The hell hound bites you but does no damage.
Aiming: Bolt of Inaccuracy
Press: ? - help, Shift-Dir - straight line, f/p - hell hound
Aim: a hell hound (heavily wounded, catching its breath)
The narrow beam of energy hits the hell hound.
You kill the hell hound!
Pakellas accepts your kill.
Pakellas collects the excess magic power.
Aiming: Bolt of Inaccuracy
Press: ? - help, Shift-Dir - straight line, f - hell hound
Aim: a hell hound The narrow beam of energy misses the hell hound.
The narrow beam of energy hits Azrael.
Azrael is heavily wounded.
Wield which item (- for none, * to show all)? (? for menu, Esc to quit)
b - a +10 iron rod (13/18) (in hand) Evoke which item? (* to show all) (? for menu, Esc to quit)
Zapping:
G - a wand of iceblast (1/15)
Press: ? - help, Shift-Dir - straight line, f/p - hell hound
Aim: a hell hound The mass of ice explodes!
The iceblast engulfs the hell hound.
The hell hound is frozen!
The hell hound is severely wounded.
This wand has 0 charges left.
Azrael gestures at you.
The bolt of fire hits the hell hound.
The hell hound completely resists.
The bolt of fire hits you! You block the hell hound's attack.
Aiming: Scattershot
Press: ? - help, Shift-Dir - straight line, f/p - hell hound
Aim: a hell hound (severely wounded)
The burst of metal fragments hits Azrael.
The burst of metal fragments hits the hell hound. x2
The burst of metal fragments hits Azrael.
The burst of metal fragments hits the hell hound.
You kill the hell hound!
Pakellas accepts your kill.
The burst of metal fragments hits Azrael. x3
Azrael is heavily wounded.
You are feeling hungry.
Azrael gestures at you. The bolt of fire hits you!
* * * LOW HITPOINT WARNING * * *
Aiming: Scattershot
Press: ? - help, Shift-Dir - straight line, f - Azrael
Aim: Azrael, wielding a scimitar of flaming (heavily wounded)
Okay, then.
Eating one of 10 chunks of flesh.
This raw flesh tastes terrible.
You continue eating. x2
Aiming: Scattershot
Press: ? - help, Shift-Dir - straight line, f - Azrael
Aim: Azrael, wielding a scimitar of flaming (heavily wounded)
The burst of metal fragments hits Azrael. x8
Azrael is heavily wounded.
Azrael gestures at you. The bolt of fire hits you!
You die...
Pakellas says: Time to find a new assistant...

#...# #...#######..## #.#
#.### '.8.# #.8.......[...#
#.# #)# #...#
#...#..###..#.# #.# #.###
##.########.#..# #..#.###.#
#.... ...#...........#
#).#..##.# #....
...#.........### #..##.##.#
#.... ...#.........#
#..##..#.# #....
...#.........#####..###.#.#
#.... ................@R..#
#...# #....
...###############§## ##..#
#.... #### #§# #..# #....
#.# #..# #.... #R# ##>#
#.... #§# #.# #.... ####'#
#.# #.... #.....# #.# #....
#.....# #.# #.###


You could see Azrael.

Vanquished Creatures
  2 hydras (D:12)
  4 hill giants
  A cyclops (D:11)
  An ugly thing (D:12)
  A griffon (D:10)
  An elephant (D:11)
  A gargoyle (D:11)
  3 two-headed ogres
  A troll (D:9)
  The ghost of Amnesiac the Ducker, an amateur MfFi (Ossuary)
  3 wyverns
  2 shadows
  A fire elemental (D:12)
  4 yaks
  4 hungry ghosts
  A mottled dragon (D:11)
  6 hell hounds (D:12)
  A water moccasin (D:5)
  Duvessa (D:6)
  11 orc warriors
  2 sky beasts
  2 eyes of draining
  An ice beast (D:7)
  2 black bears (D:10)
  2 wasps
  2 phantoms
  A wolf (D:11)
  2 necrophages (D:11)
  4 centaurs
  4 ogres
  2 crocodiles
  A big kobold (D:8)
  Blork the orc (D:5)
  8 giant frogs
  Dowan (D:6)
  3 scorpions
  12 killer bees
  4 wights (D:11)
  6 howler monkeys
  A centaur zombie (D:9)
  9 crimson imps
  A giant frog zombie (D:10)
  9 hounds
  3 jellies
  2 giant frog skeletons
  7 orc priests
  14 orc wizards
  Jessica (D:3)
  8 iguanas
  7 worker ants
  A killer bee zombie (D:6)
  5 sheep (D:11)
  8 big kobold zombies (Ossuary)
  2 hound skeletons
  A mummy (Ossuary)
  3 worker ant zombies
  A howler monkey skeleton (D:5)
  15 adders
  2 shadow imps
  4 oozes
  2 adder skeletons
  A dart slug (D:3)
  A worm (D:2)
  9 giant geckos
  91 orcs
  3 spectral bats (Ossuary)
  A ball python (D:3)
  4 giant cockroaches
  4 gnoll zombies (Ossuary)
  4 goblins
  8 hobgoblins
  17 jackals
  2 quokkas
  8 bats
  2 bat simulacra (Ossuary)
  2 giant gecko skeletons (D:4)
  4 giant newts
  3 goblin simulacra (Ossuary)
  4 hobgoblin zombies (Ossuary)
  A jackal skeleton (D:6)
  5 kobolds
  5 kobold zombies (Ossuary)
  7 orc zombies (Ossuary)
  4 quokka skeletons
  9 rats
  2 rat simulacra (Ossuary)
  2 spectral goblins (Ossuary)
  3 spectral kobolds (Ossuary)
  2 spectral rats (Ossuary)
424 creatures vanquished.

Vanquished Creatures (collateral kills)
  A vampire (D:11)
1 creature vanquished.

Vanquished Creatures (others)
  A goblin zombie (Ossuary)
  A kobold zombie (Ossuary)
2 creatures vanquished.

Grand Total: 427 creatures vanquished

Notes
Turn   | Place    | Note
--------------------------------------------------------------
     0 | D:1      | Amnesiac the Merfolk Fighter began the quest for the Orb.
     0 | D:1      | Reached XP level 1. HP: 18/18 MP: 1/1
   106 | D:2      | Reached XP level 2. HP: 20/24 MP: 2/2
   338 | D:3      | Reached XP level 3. HP: 29/29 MP: 3/3
   341 | D:3      | Reached skill level 1 in Dodging
   602 | D:4      | Reached XP level 4. HP: 24/35 MP: 4/4
  1119 | D:4      | Reached XP level 5. HP: 38/41 MP: 5/5
  1165 | D:4      | Found a burning altar of Makhleb.
  1504 | D:4      | Reached XP level 6. HP: 31/50 MP: 6/6
  1515 | D:4      | Reached skill level 5 in Fighting
  1666 | D:4      | Reached skill level 5 in Dodging
  1819 | D:4      | Noticed a phantom
  1861 | D:4      | Killed a phantom
  2053 | D:5      | Entered Level 5 of the Dungeon
  2066 | D:5      | Noticed Blork the orc
  2090 | D:5      | Killed Blork the orc
  2090 | D:5      | Reached XP level 7. HP: 22/56 MP: 7/7
  2792 | D:5      | Found an oddly glowing altar of Pakellas.
  2792 | D:5      | Found an iron altar of Okawaru.
  2799 | D:5      | Became a worshipper of Pakellas the Inventive
  2873 | D:5      | Reached XP level 8. HP: 56/62 MP: 8/8
  2961 | D:5      | Reached skill level 1 in Evocations
  3620 | D:2      | Reached * piety under Pakellas
  3620 | D:2      | Received a gift from Pakellas
  3713 | D:2      | Found a faded altar to an unknown god.
  3770 | D:2      | Found a bloodstained altar of Trog.
  3798 | D:2      | Found a white marble altar of Elyvilon.
  3911 | D:2      | Found an opulent altar of Gozag.
  4112 | D:2      | Found a stormy altar of Qazlal.
  4113 | D:2      | Noticed a water elemental
  4115 | D:2      | Noticed an air elemental
  4206 | D:2      | Found a glowing silver altar of Zin.
  4299 | D:3      | Reached ** piety under Pakellas
  4299 | D:3      | Received a gift from Pakellas
  4509 | D:3      | Noticed Jessica
  4543 | D:3      | Killed Jessica
  4913 | D:3      | Found a glowing golden altar of the Shining One.
  5488 | D:5      | Reached *** piety under Pakellas
  5488 | D:5      | Received a gift from Pakellas
  5501 | D:5      | Reached skill level 5 in Evocations
  6115 | D:6      | Reached XP level 9. HP: 53/68 MP: 13/13
  6490 | D:6      | Noticed Dowan
  6511 | D:6      | Killed Dowan
  6609 | D:6      | Noticed Duvessa
  6619 | D:6      | Killed Duvessa
  6817 | D:6      | Found a staircase to the Ecumenical Temple.
  6823 | Temple   | Entered the Ecumenical Temple
  6936 | D:7      | Found an ancient bone altar of Kikubaaqudgha.
  7096 | D:7      | Reached **** piety under Pakellas
  7096 | D:7      | Received a gift from Pakellas
  7514 | D:8      | Noticed a two-headed ogre
  7599 | D:7      | Identified a scroll of acquirement {!r}
  7647 | D:8      | Identified a +1 rod of inaccuracy (14/14) (You acquired it on level 7 of the Dungeon)
  7698 | D:8      | HP: 1/68 [killer bee (3)]
  7703 | D:8      | HP: 2/68 [poisoned by a killer bee]
  7705 | D:8      | Reached skill level 5 in Shields
  7832 | D:8      | Killed a two-headed ogre
  7866 | D:8      | Reached XP level 10. HP: 39/74 MP: 6/16
  7887 | D:8      | Found a sacrificial altar of Ru.
  8019 | D:8      | Found a sand-covered staircase.
  8024 | Ossuary  | Entered an ossuary
  8324 | Ossuary  | Noticed Amnesiac's ghost (amateur MfFi)
  8341 | Ossuary  | Killed Amnesiac's ghost
  8519 | Ossuary  | Reached ***** piety under Pakellas
  8519 | Ossuary  | Received a gift from Pakellas
  9415 | D:7      | Found a radiant altar of Vehumet.
 10358 | D:10     | Entered Level 10 of the Dungeon
 10358 | D:10     | Noticed a hill giant
 10362 | D:10     | Killed a hill giant
 10521 | D:10     | Reached skill level 10 in Dodging
 10615 | D:10     | Found a roughly hewn altar of Beogh.
 10763 | D:10     | Reached XP level 11. HP: 76/89 MP: 17/17
 11010 | D:10     | Noticed a griffon
 11016 | D:10     | Killed a griffon
 11016 | D:10     | Reached skill level 5 in Short Blades
 11726 | D:11     | Gained mutation: Scrolls take you a little longer to read. [mutagenic meat]
 11727 | D:11     | Gained mutation: Scrolls take you longer to read. [mutagenic meat]
 11728 | D:11     | Gained mutation: Your magical capacity is low (-10% MP). [mutagenic meat]
 11729 | D:11     | Gained mutation: You have very sharp teeth. [mutagenic meat]
 11730 | D:11     | Gained mutation: You are frail (-10% HP). [mutagenic meat]
 11731 | D:11     | Gained mutation: You are clumsy. (Dex -2) [potion of mutation]
 11731 | D:11     | Lost mutation: Your magical capacity is low (-10% MP). [potion of mutation]
 11731 | D:11     | Gained mutation: You are partially covered in iridescent scales (AC +4). [potion of mutation]
 11732 | D:11     | Lost mutation: Scrolls take you longer to read. [potion of cure mutation]
 11732 | D:11     | Lost mutation: You are clumsy. (Dex -2) [potion of cure mutation]
 11732 | D:11     | Lost mutation: You are frail (-10% HP). [potion of cure mutation]
 11732 | D:11     | Lost mutation: You are partially covered in iridescent scales (AC +4). [potion of cure mutation]
 11732 | D:11     | Lost mutation: Scrolls take you a little longer to read. [potion of cure mutation]
 11828 | D:11     | Noticed a hill giant
 11831 | D:11     | Killed a hill giant
 11839 | D:11     | Noticed a cyclops
 11866 | D:11     | Killed a cyclops
 12009 | D:11     | Found a glowing silver altar of Zin.
 12067 | D:11     | Reached ****** piety under Pakellas
 12150 | D:11     | Noticed a hill giant
 12153 | D:11     | Killed a hill giant
 12176 | D:11     | Reached skill level 5 in Stealth
 12334 | D:11     | Found a staircase to the Lair.
 12405 | D:11     | Noticed a hill giant
 12445 | D:11     | Killed a hill giant
 12445 | D:11     | Reached skill level 10 in Fighting
 12794 | D:11     | Reached skill level 10 in Evocations
 13226 | D:12     | Noticed Rupert
 13280 | D:11     | Paralysed by Rupert for 6 turns
 13592 | D:12     | Reached XP level 12. HP: 86/97 MP: 19/19
 13657 | D:12     | Noticed an eight-headed hydra
 13661 | D:12     | Killed an eight-headed hydra
 13837 | D:12     | Noticed a six-headed hydra
 13842 | D:12     | Killed a six-headed hydra
 13928 | D:12     | Found a staircase to the Orcish Mines.
 13951 | D:12     | Identified a +10 iron rod (18/18) (supercharged by Pakellas)
 14705 | D:12     | Noticed Azrael
 14716 | D:12     | Killed from afar by Azrael

Skill      XL: |  1  2  3  4  5  6  7  8  9 10 11 12 |
---------------+-------------------------------------+-----
Short Blades   | 3 4 8 |  8.0
Dodging        | 3 4 7 9 10 | 10.0
Fighting       | 4 5 9 10 | 10.0
Armour         | 3 4 |  4.0
Evocations     | 6 9 10 | 10.0
Shields        | 6 7 9 |  9.9
Stealth        | 5 |  5.0

Action                   |  1- 3 |  4- 6 |  7- 9 | 10-12 || total
-------------------------+-------+-------+-------+-------++-------
Melee: Rapier            |    33 |   145 |   224 |       ||   402
       Whip              |    33 |   141 |   129 |       ||   303
       Tailslap          |       |    10 |       |       ||    10
       Dagger            |       |       |   538 |   967 ||  1505
       Bite              |       |       |       |    38 ||    38
Throw: Throwing net      |       |       |       |     3 ||     3
Invok: Quick Charge      |       |       |     1 |       ||     1
       Supercharge       |       |       |       |     1 ||     1
Evoke: Wand              |       |       |    27 |    29 ||    56
       Rod               |       |       |     2 |   119 ||   121
       Phantom mirror    |       |       |     1 |       ||     1
       Phial of floods   |       |       |       |     1 ||     1
  Use: Scroll            |       |       |    14 |     7 ||    21
       Potion            |       |       |     2 |     3 ||     5
 Stab: Distracted        |       |       |     1 |       ||     1
  Eat: Chunk             |       |     4 |    19 |    38 ||    61
       Fruit             |       |       |       |     4 ||     4
       Beef jerky        |       |       |       |     3 ||     3
       Pizza             |       |       |       |     2 ||     2
       Meat ration       |       |       |       |     1 ||     1
Armor: Plate armour      |    41 |   127 |   482 |   314 ||   964
Dodge: Dodged            |     4 |    36 |   222 |   214 ||   476
Block: Shield            |    43 |   116 |   404 |   460 ||  1023
